[Event "4. Memorial Svat.Hastika OPEN"]
[Site "Jesenik, Czech Republic"]
[Date "2022.09.03"]
[Round "8.1"]
[White "Skovron, Josef"]
[Black "Gnida, Patrik"]
[Result "0-1"]
[TimeControl "720+3"]
[WhiteFideId "329886"]
[BlackFideId "351660"]
[WhiteElo "1821"]
[BlackElo "2092"]

1. e4 c6 2. Nf3 d5 3. Nc3 dxe4 4. Nxe4 Nf6 5. Nxf6+ exf6 6. d4 Bd6 7. h3 O-O 8. Be2 Nd7 9. O-O Re8 10. Re1 Nf8 11. a3 Be6 12. c4 Ng6 13. b4 a5 14. Bd2 axb4 15. axb4 Rxa1 16. Qxa1 Bb8 17. Qa5 Qd7 18. Bf1 Rd8 19. Be3 Bc7 20. Qa1 Bf5 21.
Qc1 Be4 22. Be2 Qd6 23. g3 Qxb4 24. h4 Nf8 25. c5 Ne6 26. Nd2 Bd5 27. Qa1 Qa5 28. Qb2 Qa8 29. Rb1 f5 30. Nc4 f4 31.
gxf4 Nxf4 32. Bg4 Bxc4 33. Qxb7 Qxb7 34. Rxb7 Nd5 35. Bd2 Rb8 36. Ra7 h5 37. Bxh5 Rb1+ 38. Kg2 Nf4+ 39. Bxf4 Bxf4 0-1

[Event "4. Memorial Svat.Hastika OPEN"]
[Site "Jesenik, Czech Republic"]
[Date "2022.09.03"]
[Round "8.2"]
[White "Banasik, Krzysztof"]
[Black "Zrubek, Dan"]
[Result "1-0"]
[TimeControl "720+3"]
[WhiteFideId "1125222"]
[BlackFideId "23718714"]
[WhiteElo "2166"]
[BlackElo "1504"]

1. e4 c6 2. d3 d5 3. Nd2 dxe4 4. dxe4 Nf6 5. Ngf3 Bg4 6. h3 Bh5 7. Be2 Nbd7 8. O-O e6 9. c4 Nb6 10. e5 Nfd7 11. b3 Bb4 12.
Bb2 O-O 13. Ne4 Bg6 14. Ng3 Qc7 15. Bd3 Bxd3 16. Qxd3 Rad8 17. Rad1 Be7 18. Qe2 h6 19. Rd2 Rfe8 20. Rfd1 Nf8 21.
Ne4 Rxd2 22. Rxd2 Rd8 23. Qe3 Ng6 24. Rxd8+ Qxd8 25. Qd4 Qxd4 26. Bxd4 Nc8 27. g3 Kf8 28. Kf1 Ke8 29. Ke2 Kd7 30. Ne1 b6 31. f4 c5 32.
Bc3 a6 33. Nd3 Na7 34. h4 h5 35.
a3 Nc6 36. Ke3 Kc7 37. Kf3 Kd7 38. Ndf2 Ke8 39. Nd1 Kd7 40. Ne3 Bd8 41. Ng5 Ke7 42. Ke4 Bc7 43. b4 cxb4 44. axb4 b5 45. c5 Bb8 46. Nf3 Nf8 47. Nd4 Nxd4 48. Bxd4 g6 49. g4 hxg4 50. Nxg4 Nd7 51. c6 Nf8 52. Bc5+ Ke8 53. Bd6 Bxd6 54. exd6 Kd8 1-0

[Event "4. Memorial Svat.Hastika OPEN"]
[Site "Jesenik, Czech Republic"]
[Date "2022.09.03"]
[Round "8.3"]
[White "Wrobel, Maciej"]
[Black "Gawlas, Roman"]
[Result "1-0"]
[TimeControl "720+3"]
[WhiteFideId "1181351"]
[BlackFideId "351652"]
[WhiteElo "1873"]
[BlackElo "1906"]

1. e4 c5 2. Nf3 e6 3. d4 cxd4 4. Nxd4 Nc6 5. Nc3 Qc7 6. Ndb5 Qb8 7. Be3 a6 8. Bb6 axb5 9. Nxb5 Bb4+ 10. c3 Ba5 11. Nc7+ Qxc7 12. Bxc7 Bxc7 13. Qg4 g6 14. Bb5 Kf8 15. O-O Kg7 16.
f4 d5 17. f5 dxe4 18. fxg6 hxg6 19. h3 f5 20. Qe2 Nge7 21. Rad1 Rxa2 22. Bc4 Ra8 23. Qc2 Ne5 24. Qb3 Nxc4 25. Qxc4 Bb6+ 26. Kh1 Nd5 27. Rxd5 exd5 28. Qxd5 Bd8 29.
Qe5+ Bf6 30. Qc7+ Kh6 31. Qf7 Ra6 32. g4 Kg5 33. gxf5 Bxf5 34. Rg1+ Kf4 35.
Qc7+ Be5 36. Rf1+ Ke3 37. Qxe5 Rxh3+ 38. Kg2 Ra2 39. Qd4+ Ke2 40. Rf2+ 1-0

[Event "4. Memorial Svat.Hastika OPEN"]
[Site "Jesenik, Czech Republic"]
[Date "2022.09.03"]
[Round "8.4"]
[White "Cechacek, Miroslav"]
[Black "Cempel, Jaroslav"]
[Result "0-1"]
[TimeControl "720+3"]
[WhiteFideId "377090"]
[BlackFideId "300730"]
[WhiteElo "1541"]
[BlackElo "1911"]

1. e4 e5 2. f4 exf4 3. Nf3 g5 4. Bc4 Bg7 5.
d4 h6 6.
O-O d6 7. Nc3 Bg4 8. h3 Bh5 9. Qd3 Ne7 10. h4 Nbc6 11. Bb5 a6 12. Bxc6+ Nxc6 13. hxg5 hxg5 14. e5 Bxf3 15. Rxf3 dxe5 16.
dxe5 Qxd3 17. Rxd3 Nxe5 18. Rd5 Nc6 19. Ne4 Bd4+ 20. Kf1 Rh1+ 21. Ke2 Be3 22. Nd2 Rd8 23. Rxd8+ Kxd8 24. Nb3 Bxc1 25. Rxc1 Nd4+ 26. Nxd4 Rxc1 27. Kf3 0-1

[Event "4. Memorial Svat.Hastika OPEN"]
[Site "Jesenik, Czech Republic"]
[Date "2022.09.03"]
[Round "8.6"]
[White "Bares, Jachym"]
[Black "Kincl, Dobromir"]
[Result "1-0"]
[TimeControl "720+3"]
[WhiteFideId "345075"]
[WhiteElo "1978"]
[BlackElo "1683"]

1. e4 d6 2. d4 Nf6 3. Nc3 c6 4. Be3 Ng4 5. Bg5 Qa5 6. Bd2 e5 7.
Nf3 exd4 8. Nxd4 Qb6 9. Nce2 Be7 10. f3 Bf6 11. Bc3 Ne3 12. Qd3 Nxf1 13. Rxf1 O-O 14. O-O-O Nd7 15. Nf5 Bxc3 16.
Qxc3 Nf6 17. Rxd6 Bxf5 18. exf5 Nd5 19. Qd4 Qc7 20. Qc5 Ne3 21. Rg1 Nxf5 22. Rd3 g6 23. g4 Ne7 24. Rgd1 b6 25.
Qg5 Nd5 26. Kb1 Rae8 27. Ng3 Re5 28. Nf5 f6 29. Nh6+ Kg7 30. Qh4 Re7 1-0

[Event "4. Memorial Svat.Hastika OPEN"]
[Site "Jesenik, Czech Republic"]
[Date "2022.09.03"]
[Round "8.7"]
[White "Zrubek, Adam"]
[Black "Haidenko, Mykola"]
[Result "1-0"]
[TimeControl "720+3"]
[WhiteFideId "23718706"]
[BlackFideId "23731958"]
[WhiteElo "1583"]
[BlackElo "1429"]

1. e4 c5 2. Nf3 Nc6 3. d4 cxd4 4. Nxd4 g6 5. Be3 Bg7 6. c4 Nf6 7. Nc3 O-O 8. Be2 b6 9. Nxc6 dxc6 10. O-O Bb7 11. Bf3 c5 12.
Rb1 Qc7 13. Nd5 Nxd5 14. exd5 Ba6 15. d6 exd6 16. Bxa8 Rxa8 17. b3 d5 18. Qxd5 Bb7 19. Qg5 Re8 20. Rfe1 Re5 21. Qg3 Qe7 22.
Bd2 Re2 23. Rxe2 Qxe2 24. Qb8+ Bf8 25. Bh6 Qe7 26. Rd1 Bc6 27. Bxf8 Qxf8 28. Rd8 1-0

[Event "4. Memorial Svat.Hastika OPEN"]
[Site "Jesenik, Czech Republic"]
[Date "2022.09.03"]
[Round "8.8"]
[White "Taborsky, Bedrich"]
[Black "Basler, Jan"]
[Result "1-0"]
[TimeControl "720+3"]
[WhiteFideId "378151"]
[BlackFideId "23718420"]
[WhiteElo "1793"]
[BlackElo "1285"]

1. e4 e5 2. Bc4 Nf6 3. Nf3 Nc6 4. d3 Bc5 5. c3 Bb6 6.
a4 d6 7.
h3 Be6 8. Bxe6 fxe6 9. O-O O-O 10. Ng5 Qe7 11. b4 a6 12. a5 Ba7 13. Be3 Bxe3 14. fxe3 Nd7 15. Qg4 Rxf1+ 16. Kxf1 Rf8+ 17. Kg1 Nd8 18. Nd2 Qf6 19. Ngf3 Nc6 20. Rf1 Qe7 21.
Ng5 Rxf1+ 22. Nxf1 Nf8 23. Ng3 h6 24. Nf3 d5 25. exd5 exd5 26. Qc8 d4 27. exd4 exd4 28. Qxb7 Nd8 29. Qd5+ Nde6 30. Nf5 Qf6 31. N5xd4 Kh8 32. Nxe6 Nxe6 33.
d4 Nf4 34. Qe4 Qd6 35. Ne5 Qf6 36. Kh2 g5 37. Ng4 Qd6 38. g3 Nd5 39. Qe8+ Kg7 40. Qe5+ Kg8 41. c4 Nxb4 42. c5 Qxe5 43.
Nxe5 Kg7 44. g4 Kf6 45. Kg3 Nc6 46. Nxc6 1-0

[Event "4. Memorial Svat.Hastika OPEN"]
[Site "Jesenik, Czech Republic"]
[Date "2022.09.03"]
[Round "8.10"]
[White "Zamarsky, Patrik"]
[Black "Tschulik, Daniel"]
[Result "1-0"]
[TimeControl "720+3"]
[WhiteFideId "23714280"]
[BlackFideId "23718528"]
[WhiteElo "1216"]
[BlackElo "1099"]

1. e4 e5 2. Nf3 Nc6 3. d4 d6 4. dxe5 dxe5 5. Qxd8+ Nxd8 6. Nxe5 Nf6 7. Bd3 Bd6 8. Nc4 Be6 9.
Nxd6+ cxd6 10. Bf4 d5 11. exd5 Nxd5 12. Bg3 O-O 13. O-O Nc6 14. a3 Nf6 15. Nc3 a6 16. Rad1 Rad8 17. Ne4 Nxe4 18.
Bxe4 Rxd1 19. Rxd1 Re8 20. h3 g6 21. Bd5 Bf5 22. c4 h5 23.
b4 Be6 24. Bxe6 Rxe6 25. Rd7 Re1+ 26. Kh2 Ra1 27. Rxb7 Rxa3 28. Rb6 Nd4 29. c5 Rb3 30. Be5 Nc2 31. Rb8+ Kh7 32. Rh8# 1-0

[Event "4. Memorial Svat.Hastika OPEN"]
[Site "Jesenik, Czech Republic"]
[Date "2022.09.03"]
[Round "9.1"]
[White "Gnida, Patrik"]
[Black "Cempel, Jaroslav"]
[Result "0-1"]
[TimeControl "720+3"]
[WhiteFideId "351660"]
[BlackFideId "300730"]
[WhiteElo "2092"]
[BlackElo "1911"]

1. e4 e6 2. Qe2 Nc6 3. Nf3 d5 4. exd5 Qxd5 5. Nc3 Qd8 6. g3 Nf6 7. Bg2 Be7 8. O-O O-O 9. Rd1 Bd7 10. d4 Bb4 11. Ne4 Nxe4 12. Qxe4 Bd6 13. b3 Rb8 14. Bb2 Qe7 15.
c4 Ba3 16. Bc3 Bb4 17. Bd2 Bxd2 18. Rxd2 Rfe8 19. Re1 h6 20. h4 Qb4 21. Red1 Ne7 22. Ne5 Red8 23. Nxd7 Rxd7 24. Bh3 Rbd8 25. Rd3 Kh8 26. Qf3 Nc6 27.
Qe2 Rxd4 28. Bg2 Rxd3 29. Rxd3 Rxd3 30. Qxd3 Qd6 31. Qe3 a6 32. Bf3 Kg8 33. Kg2 Kf8 34. Qc3 Kg8 35. Qe3 Kf8 36. Qc3 Kg8 37. Qe3 Qd7 38.
Qc3 Qd6 39. Qe3 Qd7 40. Qc3 Qd6 41.
Qe3 e5 42. Kh2 Kf8 43. Bd5 Nd8 44. Kg2 c6 45. Bf3 Qd4 46. Qe1 Ne6 47. Qb4+ Nc5 48. Kg1 g5 49. hxg5 hxg5 0-1

[Event "4. Memorial Svat.Hastika OPEN"]
[Site "Jesenik, Czech Republic"]
[Date "2022.09.03"]
[Round "9.2"]
[White "Bares, Jachym"]
[Black "Banasik, Krzysztof"]
[Result "0-1"]
[TimeControl "720+3"]
[WhiteFideId "345075"]
[BlackFideId "1125222"]
[WhiteElo "1978"]
[BlackElo "2166"]

1. e4 d6 2. d4 Nf6 3. Nc3 Nbd7 4. Bd3 e5 5. Nf3 Be7 6. h3 c6 7.
a4 O-O 8. Be3 Re8 9. O-O Bf8 10. dxe5 Nxe5 11. Nxe5 dxe5 12. Bc4 Qc7 13. Qe2 a5 14. Rfd1 Bb4 15. f3 Nh5 16. Qf2 Nf4 17.
Ne2 Be6 18. Bxe6 Nxe6 19. c3 Bf8 20. Bb6 Qc8 21. Be3 Rd8 22. Ng3 g6 23. h4 h5 24. Qc2 Bc5 25. Bxc5 Nxc5 26. Nf1 Qc7 27.
Ne3 Ne6 28. g3 Qb6 29. Qe2 Nf4 30. gxf4 exf4 31. Kf2 Kf8 32. Rab1 Kg8 33. Re1 Rd7 34. Kf1 fxe3 35. Qxe3 Qb3 36. Re2 Qxa4 37. Kf2 Qc4 38. Rg1 Re8 39. Qh6 Qc5+ 40. Kg2 Red8 41. Kh1 Rd1 42. Reg2 Rxg1+ 43. Rxg1 Qe5 44. Qe3 a4 45. Qb6 Qf6 46. Qf2 Qf4 47. Re1 Rd3 48. Kg2 Rd2 49. Re2 Rxe2 50. Qxe2 Qxh4 51. Qc4 Qg5+ 52. Kh3 h4 53. Kh2 Qg3+ 54. Kh1 Qxf3+ 0-1

[Event "4. Memorial Svat.Hastika OPEN"]
[Site "Jesenik, Czech Republic"]
[Date "2022.09.03"]
[Round "9.3"]
[White "Gawlas, Roman"]
[Black "Skovron, Josef"]
[Result "1-0"]
[TimeControl "720+3"]
[WhiteFideId "351652"]
[BlackFideId "329886"]
[WhiteElo "1906"]
[BlackElo "1821"]

1. d4 f5 2. Nc3 Nf6 3.
Bg5 e6 4. e4 fxe4 5. Nxe4 Be7 6.
Bxf6 Bxf6 7. Nf3 O-O 8. Bd3 Nc6 9. c3 e5 10. d5 Nb8 11. d6 c6 12. Qc2 h6 13. O-O-O a5 14. g4 b5 15.
g5 hxg5 16. Rdg1 Ba6 17. Nfxg5 b4 18. Bxa6 Nxa6 19. Nxf6+ Rxf6 20. Qh7+ Kf8 21. Qh8# 1-0

[Event "4. Memorial Svat.Hastika OPEN"]
[Site "Jesenik, Czech Republic"]
[Date "2022.09.03"]
[Round "9.5"]
[White "Zrubek, Dan"]
[Black "Taborsky, Bedrich"]
[Result "1-0"]
[TimeControl "720+3"]
[WhiteFideId "23718714"]
[BlackFideId "378151"]
[WhiteElo "1504"]
[BlackElo "1793"]

1. e4 g6 2. d4 Bg7 3.
Nc3 c5 4. Nf3 cxd4 5. Nxd4 a6 6. Be3 e6 7. Be2 Ne7 8. O-O Nbc6 9. Qd2 O-O 10. Kh1 f5 11. exf5 Nxf5 12. Nxf5 Rxf5 13.
Rad1 d5 14. Bg4 Rf7 15. Ne2 Bd7 16. c3 Qe7 17. Rfe1 Ne5 18. Bh3 Nc4 19. Qc1 Nxe3 20. Qxe3 Raf8 21. f3 Rf6 22. Rxd5 Qf7 23.
Rd6 Qe7 24. Red1 Bc8 25. Nc1 h6 26. Nb3 Kh7 27. R6d2 h5 28. Re1 Bh6 29. Qe2 Bxd2 30. Nxd2 Re8 31. Ne4 Rf4 32. Qe3 Qc7 33.
Ng5+ Kh6 34. g3 Kxg5 35. Qxf4+ Qxf4 36. gxf4+ Kxf4 37. Kg2 e5 38. Bxc8 Rxc8 39. Re4+ Kf5 40. Re2 Rc4 41. Rd2 Rc6 42. Rd7 b6 43. Rf7+ Kg5 44. Ra7 a5 45. Re7 Kf6 46. Rd7 Ke6 47. Rd2 Rd6 48. Rxd6+ Kxd6 49. Kf2 Ke6 50. Ke3 Kf5 51. a3 g5 52.
h3 Ke6 53. Ke4 b5 54. b3 g4 55. fxg4 hxg4 56. hxg4 Kf6 57. c4 bxc4 58. bxc4 Kg5 59. Kxe5 Kxg4 60. c5 1-0

[Event "4. Memorial Svat.Hastika OPEN"]
[Site "Jesenik, Czech Republic"]
[Date "2022.09.03"]
[Round "9.6"]
[White "Cimburek, Jan"]
[Black "Cechacek, Miroslav"]
[Result "1-0"]
[TimeControl "720+3"]
[WhiteFideId "390283"]
[BlackFideId "377090"]
[WhiteElo "1591"]
[BlackElo "1541"]

1. Nf3 Nc6 2. c4 e6 3. d4 d5 4. Nc3 Bb4 5. e3 Bxc3+ 6. bxc3 Nf6 7. cxd5 Nxd5 8. c4 Nf6 9. Be2 O-O 10.
O-O h6 11. Bb2 b6 12. Qb3 Bb7 13. Rad1 Na5 14. Qc2 Qe7 15. a3 Rfd8 16. Bc3 Nc6 17. d5 exd5 18. Bxf6 Qxf6 19. cxd5 Ne7 20. e4 c6 21. e5 Qf5 22. Bd3 Qf4 23. d6 Ng6 24.
Bxg6 fxg6 25. Qxg6 c5 26. Qg3 Qf7 27. Rfe1 Bd5 28. Nh4 g5 29. Ng6 Bb3 30. Ne7+ Kg7 31. Rd3 c4 32. Rf3 Qe6 33. Rf6 Qxf6 34. exf6+ Kxf6 35.
Qe5+ Kf7 36. Qe6+ 1-0

[Event "4. Memorial Svat.Hastika OPEN"]
[Site "Jesenik, Czech Republic"]
[Date "2022.09.03"]
[Round "9.7"]
[White "Pobucky, Ondrej"]
[Black "Zrubek, Adam"]
[Result "0-1"]
[TimeControl "720+3"]
[WhiteFideId "23742305"]
[BlackFideId "23718706"]
[WhiteElo "1426"]
[BlackElo "1583"]

1. e4 c5 2. d4 cxd4 3. Qxd4 Nc6 4. Qd1 g6 5. Nf3 Bg7 6. c3 d6 7. Nbd2 Nf6 8. Bd3 O-O 9. O-O b6 10.
Nb3 Bb7 11. Re1 Nd7 12. Be3 Nc5 13. Bb5 Ne5 14. Nxe5 Bxe5 15. Bd4 Bxd4 16. cxd4 Nxe4 17. Nd2 Nxd2 18. Qxd2 Rc8 19. Qe3 e6 20.
Rac1 Qe7 21. Qe2 Bd5 22. b3 Qg5 23. f4 Qxf4 24. Rc3 Rc7 25. Rxc7 Qe4 26. Rc8 Qxd4+ 27. Kh1 Rxc8 28.
Rf1 Qe4 29. Qf2 e5 30. Bc4 Bxc4 31. bxc4 Rc7 32. Qf6 Rd7 33. Rc1 Qf4 34. Qxf4 exf4 35. Kg1 Rc7 36. Rd1 Rxc4 37. Rxd6 Rc1+ 38. Kf2 Rc2+ 39. Kf3 Rxa2 40. Rd1 b5 41. Rg1 a5 42. Kxf4 b4 43. Ke4 Rd2 44.
Ke3 Rd8 45. Ra1 Ra8 46. Kd3 Kg7 47. Kc4 f5 48. Rd1 Kf6 49. Rd7 h6 50. Rd6+ Kg5 51. Rd4 h5 52. h4+ Kh6 53. Rd6 Rb8 54. Kb3 Rc8 55. Ka4 Rc4 56. Kxa5 Rxh4 57. Ka4 Kg5 58. Rd3 Re4 59. Rg3+ Kf6 60. Rd3 f4 61. Rd6+ Kf5 62.
Rd5+ Kg4 63. Rd3 g5 64. Kb3 Re2 65. Re3 0-1

[Event "4. Memorial Svat.Hastika OPEN"]
[Site "Jesenik, Czech Republic"]
[Date "2022.09.03"]
[Round "9.8"]
[White "Kincl, Dobromir"]
[Black "Zamarsky, Patrik"]
[Result "1/2-1/2"]
[TimeControl "720+3"]
[BlackFideId "23714280"]
[WhiteElo "1683"]
[BlackElo "1216"]

1. d4 e6 2. Nf3 d5 3. c4 Nf6 4.
Bg5 Be7 5. e3 O-O 6. Bd3 dxc4 7. Bxc4 Nc6 8. Nc3 b6 9. e4 Bb7 10. O-O Na5 11. Bd3 h6 12. Bh4 Re8 13. Qe2 Nc6 14.
e5 Nd5 15. Qe4 g6 16. Nxd5 exd5 17. Qg4 g5 18. Qe4 1/2-1/2

[Event "4. Memorial Svat.Hastika OPEN"]
[Site "Jesenik, Czech Republic"]
[Date "2022.09.03"]
[Round "9.9"]
[White "Haidenko, Mykola"]
[Black "Poljak, Lucian"]
[Result "1-0"]
[TimeControl "720+3"]
[WhiteFideId "23731958"]
[BlackFideId "23740590"]
[WhiteElo "1429"]
[BlackElo "1367"]

1. e4 b6 2. b3 Bb7 3. d3 e6 4.
Bb2 d5 5. Nd2 Bb4 6. Bxg7 dxe4 7. dxe4 Bxe4 8.
c3 Bxc3 9. Bxc3 Qd5 10. f3 Qc5 11. Nxe4 Qe7 12.
Bxh8 f5 13. Nf2 Qb4+ 14. Qd2 Qc5 15. Bc4 Ke7 16. Ne2 Nf6 17. Bxf6+ Kxf6 18. Qd4+ Qxd4 19. Nxd4 Nd7 20. O-O c5 21. Nxe6 Re8 22. Rfe1 Ne5 23. Nf4 Rg8 24. N2d3 Nxc4 25.
bxc4 Kg5 26. Kf2 h5 27.
Re6 Kh4 28. g3+ Kg5 29. h4# 1-0

[Event "4. Memorial Svat.Hastika OPEN"]
[Site "Jesenik, Czech Republic"]
[Date "2022.09.03"]
[Round "9.10"]
[White "Ondrackova, Veronika"]
[Black "Koterova, Hana"]
[Result "1-0"]
[TimeControl "720+3"]
[WhiteFideId "23739983"]
[WhiteElo "1213"]
[BlackElo "1309"]

1. e4 e6 2. d4 Nf6 3. Nc3 Bb4 4. Bd3 Nc6 5. Nf3 O-O 6.
O-O Bxc3 7. bxc3 b6 8. e5 Nd5 9. Ng5 g6 10. c4 Nc3 11. Qd2 Na4 12. Nxh7 Kxh7 13. Qh6+ Kg8 14. Bg5 Qxg5 15. Qxg5 Nxd4 16. f4 Nf5 17.
Bxf5 exf5 18. h4 Kg7 19. Rf3 f6 20. exf6+ Rxf6 21. h5 Re6 22. Rg3 Bb7 23. Qxf5 Rh8 24. Rxg6+ Rxg6 25. Qxg6+ Kf8 26. Re1 Rg8 27. Re8# 1-0